Map: Overgrown Facility

Players

Adversity - Winner!

  • Race: Terran Terran
  • Spawn Location: 9:00

Skleros - Winner!

  • Race: Terran Terran
  • League: Diamond
  • Spawn Location: 7:00

Phaze

  • Race: Protoss Protoss
  • League: Diamond
  • Spawn Location: 3:00

Handerson

  • Race: Zerg Zerg
  • League: Diamond
  • Spawn Location: 1:00

VOD

Have the link to the VOD?

Description

Time

  • Played on: Aug. 6, 2018, 10:08 p.m.
  • Length: 8:46
Show
View Real Time Build Order
Export as new Build Order

Adversity Terran - Winner!

Build Orders: Reaper Expand 

Get SALT Encoding   

  12  0:01  SCV  
  13  0:13  SCV  
  14  0:19  Supply Depot  
  14  0:25  SCV  
  15  0:40  SCV  
  16  0:43  Barracks  
  16  0:47  Refinery  
  16  0:52  SCV  
  17  1:04  SCV  
  18  1:16  SCV  
  19  1:32  Reaper, Orbital Command  
  20  1:46  Command Center  
  20  1:57  Supply Depot  
  20  2:00  SCV  
  21  2:04  Barracks Reactor  
  21  2:16  SCV  
  21  2:18  Barracks  
  21  2:20  Barracks  
  22  2:28  SCV  
  23  2:40  SCV  
  23  2:41  Supply Depot  
  23  2:42  Marine  
  23  2:43  Marine  
  26  2:53  SCV  
  27  3:01  Marine  
  27  3:02  Marine  
  29  3:08  Barracks Tech Lab  
  29  3:09  Orbital Command  
  29  3:10  SCV  
  29  3:12  Marine  
  31  3:13  Refinery  
  31  3:19  Marine x2  
  32  3:22  SCV  
  34  3:27  Marine  
  34  3:28  Stimpack  
  35  3:34  SCV  
  35  3:35  SCV  
  35  3:37  Marine  
  35  3:38  Marine  
  35  3:39  Marine  
  40  3:46  SCV  
  40  3:47  Factory, SCV  
  42  3:49  Marine  
  42  3:56  Engineering Bay  
  42  3:58  SCV  
  42  3:59  Marine x2  
  42  4:00  Marine  
  46  4:04  SCV  
  46  4:09  Supply Depot, Bunker  
  47  4:11  SCV  
  47  4:15  Marine  
  49  4:20  SCV  
  49  4:22  Terran Infantry Weapons Level 1  
  49  4:23  SCV  
  51  4:34  Marine x4  
  51  4:35  Factory Reactor, Starport  
  55  4:42  SCV x2  
  57  4:48  Supply Depot  
  57  4:54  Barracks  
  57  4:55  Barracks  
  57  5:00  SCV x2  
  57  5:01  Barracks Reactor  
  57  5:04  Refinery  
  57  5:05  Refinery  
  59  5:11  Supply Depot  
  59  5:12  Missile Turret, SCV x2  
  61  5:15  Missile Turret  
  61  5:26  Marine x3  
  64  5:31  SCV  
  64  5:32  SCV  
  64  5:33  Medivac  
  64  5:34  Medivac  
  70  5:39  Supply Depot  
  70  5:40  Factory Tech Lab  
  70  5:44  Marine x2  
  70  5:45  Barracks Reactor x2  
  70  5:46  Combat Shield  
  72  5:53  SCV x2  
  72  5:55  Supply Depot  
  74  5:57  Marine x3  
  74  6:02  Marine x2, Siege Tank  
  82  6:18  Marine x3  
  84  6:19  Marine  
  84  6:20  Marine  
  84  6:21  Supply Depot  
  84  6:25  Marine x4  
  90  6:26  Medivac  
  93  6:36  Supply Depot  
  93  6:38  Medivac, Siege Tank  
  98  6:40  Marine x3  
  98  6:41  Marine  
  98  6:43  Terran Infantry Armor Level 1, Marine  
  103  6:54  Liberator x2  
  85  7:08  Marine  
  85  7:09  Marine x7  
  85  7:10  Marine  
  100  7:17  Supply Depot  
  100  7:18  Supply Depot  
  100  7:20  Siege Tank  
  103  7:26  Marine x3  
  103  7:29  Marine  
  106  7:30  Marine x2  
  109  7:37  Supply Depot  
  109  7:40  Marine x2  
  109  7:43  Liberator  
  110  7:44  Liberator  
  105  7:51  Unknown  
  105  7:52  Unknown  
  105  7:55  Marine x2  
  105  7:56  Marine  
  105  7:57  Siege Tank  
  109  8:12  Marine x2  
  104  8:13  Marine  
  104  8:16  Marine x3  
  104  8:17  Marine  
  111  8:23  Marine  
  111  8:24  Marine  
Show
View Real Time Build Order
Export as new Build Order

Skleros Terran - Winner!

Build Orders:  

Get SALT Encoding   

  12  0:05  SCV  
  13  0:17  SCV  
  14  0:22  Supply Depot  
  14  0:29  SCV  
  15  0:43  SCV  
  16  0:50  Refinery  
  16  0:56  SCV  
  17  1:00  Barracks  
  17  1:08  SCV  
  18  1:20  SCV  
  19  1:32  SCV  
  20  1:44  SCV, Command Center  
  21  1:50  Reaper  
  21  1:53  Supply Depot  
  22  2:02  Bunker  
  22  2:05  SCV  
  23  2:20  Factory  
  23  2:25  Orbital Command  
  23  2:36  Marine  
  23  2:48  Bunker  
  23  2:54  Marine  
  24  3:02  Orbital Command  
  24  3:03  SCV  
  25  3:07  Starport  
  25  3:14  Factory Reactor  
  25  3:15  SCV  
  25  3:17  Refinery  
  25  3:27  SCV  
  25  3:31  Engineering Bay  
  25  3:32  Marine  
  27  3:39  SCV  
  28  3:44  SCV  
  29  3:51  SCV  
  29  3:55  Starport Tech Lab  
  30  3:57  Hellion x2  
  30  3:59  SCV  
  30  4:01  Missile Turret  
  35  4:11  Missile Turret  
  35  4:14  Cloaking Field  
  35  4:18  Barracks Tech Lab  
  35  4:23  Medivac, Hellion x2  
  41  4:31  SCV x2  
  43  4:40  Refinery x2  
  43  4:43  SCV x2  
  45  4:53  Starport  
  45  4:55  SCV  
  46  5:01  Supply Depot, SCV  
  47  5:07  SCV  
  47  5:13  SCV  
  49  5:21  SCV  
  50  5:27  SCV  
  51  5:29  Command Center  
  51  5:30  Hi-Sec Auto Tracking  
  51  5:32  Starport Tech Lab  
  51  5:34  Starport  
  51  5:36  SCV  
  51  5:41  Widow Mine  
  54  5:47  Hyperflight Rotors  
  54  5:50  SCV  
  54  5:53  SCV  
  56  6:02  SCV  
  57  6:07  SCV  
  57  6:10  Banshee  
  61  6:15  Starport Tech Lab, Banshee  
  61  6:16  Supply Depot  
  61  6:17  SCV  
  65  6:22  SCV  
  65  6:24  Starport  
  66  6:32  SCV  
  67  6:38  SCV  
  68  6:40  Banshee  
  71  6:53  Banshee  
  74  6:58  Banshee  
  77  7:04  Supply Depot  
  81  7:08  Widow Mine x2  
  81  7:13  Orbital Command  
  81  7:14  SCV  
  82  7:17  Starport Tech Lab  
  82  7:21  Missile Turret  
  82  7:23  Banshee  
  82  7:28  SCV  
  82  7:29  SCV  
  87  7:35  Supply Depot, Banshee  
  90  7:40  Banshee  
  90  7:43  Factory, SCV x2  
  85  7:58  Banshee  
  85  7:59  Widow Mine  
  85  8:00  Widow Mine  
  97  8:39  Supply Depot  
  97  8:40  Factory Tech Lab  
Show
View Real Time Build Order
Export as new Build Order

Phaze Protoss 

Build Orders:  

Get SALT Encoding   

  12  0:01  Probe  
  13  0:13  Probe  
  14  0:19  Pylon  
  14  0:25  Probe  
  15  0:38  Probe  
  15  0:39  Gateway  
  16  0:47  Probe  
  16  0:54  Assimilator  
  16  0:55  Probe  
  17  0:57  Assimilator  
  18  1:04  Probe  
  19  1:12  Pylon  
  19  1:16  Probe  
  20  1:30  Cybernetics Core  
  20  1:34  Probe  
  21  1:46  Probe  
  22  1:58  Probe  
  23  2:07  Stalker  
  23  2:08  Twilight Council  
  23  2:12  Robotics Facility  
  24  2:24  Warp Gate  
  24  2:35  Stalker  
  24  2:38  Gateway  
  26  2:59  Observer  
  26  3:05  Stalker  
  29  3:08  Probe  
  30  3:12  Pylon  
  30  3:30  Immortal  
  34  3:56  Nexus  
  34  3:58  Pylon  
  34  4:02  Immortal  
  38  4:26  Probe  
  38  4:38  Probe  
  38  4:39  Observer  
  38  4:40  Blink  
  40  4:51  Templar Archives  
  40  5:01  Gateway  
  40  5:04  Pylon  
  40  5:09  Stalker  
  40  5:10  Stalker  
  44  5:17  Probe x2  
  46  5:29  Probe x2  
  46  5:32  Observer  
  49  5:41  Probe x2  
  51  5:46  Assimilator  
  51  5:50  Assimilator  
  51  5:53  Probe x2  
  51  5:54  Psionic Storm  
  53  6:05  Probe x2  
  53  6:07  Pylon  
  55  6:14  Probe x2  
  57  6:22  Probe x2  
  57  6:31  Probe, Pylon  
  57  6:32  Probe  
  59  6:34  High Templar  
  59  6:39  Zealot  
  65  6:41  Charge  
  65  6:44  Probe x2  
  67  6:48  Gateway  
  67  6:51  Gateway  
  67  7:14  High Templar  
  69  7:15  Stalker x2  
  69  7:21  Probe x2  
  75  7:26  Gateway x2  
  74  7:49  Pylon  
  74  7:54  Nexus  
  74  7:55  Stalker  
  74  7:56  Stalker x2  
  60  8:15  Stalker x2  
Show
View Real Time Build Order
Export as new Build Order

Handerson Zerg 

Build Orders: Hatch First 

Get SALT Encoding   

  12  0:02  Drone  
  13  0:13  Overlord  
  13  0:18  Drone  
  14  0:32  Drone x2  
  14  0:35  Drone  
  17  0:55  Hatchery  
  16  0:58  Drone  
  16  1:02  Extractor  
  16  1:05  Drone  
  17  1:18  Spawning Pool  
  16  1:20  Drone  
  16  1:24  Drone  
  18  1:29  Drone  
  19  1:39  Drone  
  20  1:56  Overlord  
  20  2:03  Drone  
  20  2:07  Queen  
  24  2:08  Zergling x2  
  24  2:11  Metabolic Boost  
  24  2:12  Zergling x2  
  25  2:19  Zergling x2  
  26  2:24  Drone  
  27  2:33  Zergling x4  
  29  2:47  Drone x2  
  30  2:52  Queen  
  31  2:58  Overlord  
  31  3:00  Drone  
  32  3:08  Zergling x4  
  32  3:12  Overlord  
  34  3:16  Drone  
  35  3:25  Drone  
  36  3:28  Queen  
  36  3:31  Baneling Nest  
  37  3:36  Zergling x4  
  37  3:38  Drone  
  40  3:45  Drone  
  40  3:47  Extractor  
  40  3:48  Drone  
  41  3:55  Hatchery  
  40  4:00  Drone x2  
  42  4:10  Lair  
  42  4:11  Drone x2  
  42  4:12  Drone  
  42  4:15  Drone  
  46  4:22  Overlord  
  46  4:29  Pneumatized Carapace  
  46  4:32  Extractor  
  46  4:33  Drone x2  
  46  4:37  Zergling x4  
  49  4:42  Zergling x6  
  49  4:43  Zergling x2  
  53  4:46  Baneling  
  53  4:47  Baneling x2  
  53  4:48  Baneling  
  53  5:07  Centrifical Hooks  
  53  5:09  Drone x3  
  53  5:11  Extractor  
  53  5:12  Drone x4  
  53  5:14  Drone x3  
  61  5:19  Overlord  
  62  5:23  Overlord  
  62  5:32  Baneling  
  62  5:33  Baneling x2  
  62  5:39  Drone, Hydralisk Den  
  62  5:40  Drone x2  
  62  5:41  Drone x2  
  66  5:42  Overseer  
  66  5:44  Overseer  
  66  5:53  Overlord x2  
  66  5:55  Zergling x8  
  70  5:58  Baneling  
  70  6:15  Muscular Augments  
  70  6:16  Hydralisk x2  
  70  6:17  Hydralisk x2  
  78  6:19  Baneling  
  78  6:26  Drone x2  
  80  6:37  Evolution Chamber  
  80  6:39  Evolution Chamber  
  78  6:40  Drone x2  
  78  6:46  Zergling x2  
  81  6:47  Hydralisk x3, Zergling x2  
  81  6:52  Hydralisk  
  81  7:06  Hatchery  
  81  7:07  Hydralisk x3  
  80  7:08  Zergling x2  
  80  7:09  Zergling x8  
  80  7:14  Zergling x6  
  88  7:25  Zergling x2  
  89  7:30  Overlord  
  89  7:32  Baneling x2  
  89  7:42  Overlord x4  
  68  7:54  Zergling x18  
  68  7:55  Zergling x2  
  62  8:00  Zergling x10  
  62  8:02  Zergling x4  
  62  8:03  Zergling x2  
  69  8:13  Zergling x4  
  69  8:21  Zergling x2  
  69  8:22  Zergling x8  
Tags
 
Add a new tag
Caveats
  • Supply blocks, unpowered buildings, or Contaminate may cause inaccurate times.
  • Supply counts are checked every 10 seconds.